 Dungeon Crawl Stone Soup version 0.21.1-1-g345015f (webtiles) character file.

231 yang the Ducker (level 5, -1/41 HPs)
             Began as a Demonspawn Gladiator on June 10, 2018.
             Slain by a yak (3 damage)
             ... on level 4 of the Dungeon.
             The game lasted 00:18:12 (3946 turns).

yang the Ducker (Demonspawn Gladiator)              Turns: 3946, Time: 00:18:12

Health: -1/41      AC: 14    Str: 15      XL:     5   Next: 73%
Magic:  5/5        EV: 12    Int:  8 (9)  God:
Gold:   170        SH:  4    Dex: 15      Spells: 4/4 levels left

rFire    x . .     SeeInvis .   g - +0 mace (protect)
rCold    + . .     Gourm    .   (no shield)
rNeg     . . .     Faith    .   e - +1 ring mail
rPois    .         Spirit   .   c - +0 helmet
rElec    .         Reflect  .   (no cloak)
rCorr    .         Harm     .   (no gloves)
MR       .....                  (no boots)
Stlth    +.........             (no amulet)
HPRegen  0.13/turn              b - ring of ice
MPRegen  0.09/turn              (no ring)

@: lethally poisoned (-1 -> -4), protection aura
A: large bone plates 1, powered by death 1
a: no special abilities


You were on level 4 of the Dungeon.
You were not hungry.

You visited 1 branch of the dungeon, and saw 4 of its levels.

You collected 170 gold pieces.

Inventory:

Hand Weapons
 g - a +0 mace of protection (weapon)
Missiles
 d - 3 throwing nets (quivered)
Armour
 c - a +0 helmet (worn)
 e - a +1 ring mail (worn)
Jewellery
 b - a ring of ice (left hand)
Scrolls
 h - 3 scrolls of identify
 j - a scroll of remove curse
Comestibles
 f - 5 rations


   Skills:
 + Level 3.2 Fighting
   Level 3.1(3.5) Axes
 + Level 2.2(3.1) Maces & Flails
 + Level 1.8 Throwing
 + Level 1.9 Armour
 + Level 3.7 Dodging


You had 4 spell levels left.
You didn't know any spells.

Dungeon Overview and Level Annotations

Branches:
Dungeon (4/15)
 Temple: D:4-7

Altars:
Gozag
Okawaru


Innate Abilities, Weirdness & Mutations

You are partially covered in large bone plates. (SH +4)
You regenerate a little health from kills.


Message History

The yak gores you but does no damage. The yak barely misses you.
The yak gores you but does no damage. The yak gores you.
An adder comes into view.
The adder hisses angrily.
You sock the yak!
The yak is moderately wounded.
The yak gores you!
* * * LOW HITPOINT WARNING * * *
The yak barely misses you. x2; The yak gores you.
* * * LOW HITPOINT WARNING * * *
The yak closely misses you.
You barely miss the yak.
The yak is moderately wounded.
* * * LOW HITPOINT WARNING * * *
You feel sick. The yak completely misses you. You block the yak's attack.
The yak misses you.
You thump the yak!
The yak is heavily wounded.
You block the yak's attack. The yak gores you.
You die...

.............(..
.......<......(.
..
.######....#####
... #
..........^.###
.##
#...###..........
#.. #...........
#...###..†........
#......$Y$..?.....
#..###Y@Ys........
##YY...###.#
#...Y....# ..
#...S....#
#........#
.........(#
......?...##
...........#
...........#


You could see 6 yaks, an adder and a giant cockroach.

Vanquished Creatures
  An orc wizard (D:3)
  A bullfrog skeleton (D:4)
  2 worker ants
  2 adders (D:2)
  2 oozes
  2 dart slugs
  A worm (D:2)
  2 leopard geckos
  13 orcs (D:3)
  A ball python (D:2)
  6 bats
  5 giant cockroaches
  7 goblins
  7 hobgoblins
  4 jackals (D:1)
  11 kobolds
  6 frilled lizards
  A leopard gecko skeleton (D:3)
  10 rats
84 creatures vanquished.

Notes
Turn   | Place    | Note
-------+----------+-------------------------------------------
     0 | D:1      | yang the Demonspawn Gladiator began the quest for the Orb.
     0 | D:1      | Reached XP level 1. HP: 16/16 MP: 1/1
   243 | D:1      | Gained mutation: You are partially covered in large bone plates. (SH +4) [demonic ancestry]
   243 | D:1      | Reached XP level 2. HP: 22/22 MP: 2/2
  1167 | D:2      | Reached XP level 3. HP: 27/27 MP: 3/3
  2084 | D:2      | Reached skill level 1 in Armour
  2084 | D:2      | Reached XP level 4. HP: 6/33 MP: 4/4
  2638 | D:3      | Found an iron altar of Okawaru.
  2928 | D:3      | Reached skill level 1 in Maces & Flails
  3210 | D:3      | Gained mutation: You regenerate a little health from kills. [demonic ancestry]
  3210 | D:3      | Reached XP level 5. HP: 38/39 MP: 5/5
  3538 | D:4      | Found an opulent altar of Gozag.
  3930 | D:4      | Noticed a yak
  3933 | D:4      | Noticed a yak
  3935 | D:4      | Noticed a yak
  3935 | D:4      | Noticed a yak
  3935 | D:4      | Noticed a yak
  3936 | D:4      | Noticed a yak
  3945 | D:4      | HP: 2/41 [poisoned by a worker ant]
  3946 | D:4      | Slain by a yak

Skill      XL: |  1  2  3  4  5 |
---------------+----------------+-----
Dodging        | 3 |  3.7
Axes           | 3 |  3.1
Armour         | 1 |  1.9
Maces & Flails | 2 |  2.2
Fighting       | 3 |  3.2
Throwing       | |  1.8

Action                   |  1- 3 |  4- 6 || total
-------------------------+-------+-------++-------
Melee: War axe           |    37 |       ||    37
       Mace              |   117 |   185 ||   302
  Use: Potion            |     7 |     3 ||    10
       Scroll            |     6 |     4 ||    10
  Eat: Ration            |     1 |     2 ||     3
Armor: Ring mail         |   111 |   120 ||   231
Dodge: Dodged            |   171 |   197 ||   368
Block: Other             |    36 |    66 ||   102
